 Dungeon Crawl Stone Soup version 0.26-a0-812-g31a745ddcd (webtiles) character file.

Game seed: 6268968808215235505

90 Azzok the Chopper (level 4, 35/35 HPs)
             Began as a Demonspawn Berserker on Nov 22, 2020.
             Was a Believer of Trog.
             Quit the game on level 2 of the Dungeon.
             The game lasted 00:02:19 (1769 turns).

Azzok the Chopper (Demonspawn Berserker)            Turns: 1769, Time: 00:02:19

Health: 35/35      AC:  6    Str: 18    XL:     4   Next: 32%
Magic:  4/4        EV: 10    Int: 10    God:    Trog [**....]
Gold:   72         SH:  0    Dex: 13    Spells: 3/3 levels left

rFire    . . .     SeeInvis .   a - +0 hand axe
rCold    . . .     Faith    .   (no shield)
rNeg     + . .     Spirit   .   c - +0 scale mail
rPois    .         Reflect  .   (no helmet)
rElec    .         Harm     .   (no cloak)
rCorr    .         Rampage  .   (no gloves)
MR       .....                  (no boots)
Stlth    ..........             (no amulet)
HPRegen  0.11/turn              k - ring of positive energy
MPRegen  0.09/turn              (no ring)

@: no status effects
A: claws 1, powered by pain 1, big brain 1
a: Berserk, Trog's Hand, Renounce Religion


You were on level 2 of the Dungeon.
You worshipped Trog.
Trog was pleased with you.
You visited 1 branch of the dungeon, and saw 2 of its levels.

You collected 72 gold pieces.

Inventory:

Hand Weapons
 a - a +0 hand axe (weapon)
Armour
 b - a +0 animal skin
 c - a +0 scale mail (worn)
Jewellery
 k - a ring of positive energy (left claw)
Scrolls
 d - 3 scrolls of amnesia {unknown}
 f - a scroll of random uselessness {unknown}
 j - a scroll of identify {unknown}
 l - a scroll of enchant weapon {unknown}
 m - a scroll of magic mapping {unknown}
 n - a scroll of fear {unknown}
 o - a scroll of remove curse {unknown}
Potions
 e - a potion of brilliance {unknown}
 g - a potion of heal wounds {unknown}
 h - a potion of mutation {unknown}
 i - a potion of attraction {unknown}
 p - a potion of haste {unknown}


   Skills:
 - Level 3.0 Fighting
 + Level 4.7 Axes
 - Level 1.7 Armour
 - Level 1.7 Dodging


You had 3 spell levels left.
You didn't know any spells.
Your spell library was empty.

Dungeon Overview and Level Annotations

Branches:
Dungeon (2/15)

Altars:


Innate Abilities, Weirdness & Mutations

You have sharp fingernails.
You sometimes gain a little power by taking damage.
You have an unusually large brain. (Int +2)


Message History

You kill the hound!
Trog accepts your kill.
You have reached level 4!
You feel agile.
Your demonic ancestry asserts itself...
Your brain expands.
You feel a strong urge to attack something.
You feel your anger nearly subside.
You are no longer berserk.
You are exhausted.
You feel yourself slow down.
You feel yourself speed up.
You recover from your berserk rage.
There is an open door here.
There is an open door here.
There is an open door, spattered with blood here.
You open the door.
There is an open door here.
Done exploring.
Done exploring.
Done exploring.
Are you sure you want to abandon this character and quit the game? (Confirm with "yes".)

▒·▒▒▒··▒▒▒▒▒·▒ ▒·▒···▒▒·········
▒············▒ ▒···▒·▒▒·········
▒▒▒▒▒▒'▒▒▒▒▒▒▒ ▒▒▒▒▒·▒▒▒··▒·▒▒▒·
▒▒···▒▒ ▒(▒ ▒··▒··▒▒· ▒ ▒▒·····▒▒
▒▒▒ ▒·▒ ▒········ ▒▒▒▒·······▒▒
▒▒·▒▒▒·▒ ▒▒·······
·▒▒·········▒▒▒▒···▒▒·▒▒▒▒▒▒▒····
··╬·········'····················
·▒▒····<····▒▒▒·@··▒·)·▒▒▒▒▒▒····
▒▒▒▒·······▒▒ ▒·▒·▒··▒·▒ ▒·▒·▒ ▒
▒▒·····▒▒ ▒·▒▒▒····▒ ▒·▒▒▒
▒▒···▒▒ ▒·▒▒▒·▒▒·▒ ▒·▒ ▒▒╬▒▒
▒········▒ ▒·▒▒▒ ▒·▒ ▒▒▒▒▒·▒▒▒▒
▒··)· ▒·▒▒▒▒▒▒▒▒▒▒▒·▒ ▒▒▒▒▒
▒▒)▒▒··········▒ ▒
▒▒········▒▒▒▒▒▒▒ ▒


There were no monsters in sight!

Vanquished Creatures
  A hound (D:2)
  2 adders (D:2)
  An ooze (D:2)
  2 ball pythons (D:2)
  4 bats
  5 giant cockroaches
  5 hobgoblins
  7 kobolds
  2 frilled lizards (D:2)
  2 goblins (D:1)
  7 rats
38 creatures vanquished.

Notes
Turn   | Place    | Note
-------+----------+-------------------------------------------
     0 | D:1      | Azzok the Demonspawn Berserker began the quest for the Orb.
     0 | D:1      | Reached XP level 1. HP: 18/18 MP: 1/1
   139 | D:1      | Reached skill level 3 in Axes
   216 | D:1      | Gained mutation: You have sharp fingernails. [demonic
                  | ancestry]
   216 | D:1      | Reached XP level 2. HP: 24/24 MP: 2/2
   604 | D:2      | Gained mutation: You sometimes gain a little power by
                  | taking damage. [demonic ancestry]
   604 | D:2      | Reached XP level 3. HP: 27/29 MP: 3/3
   642 | D:2      | Reached ** piety under Trog
   896 | D:2      | Reached skill level 4 in Axes
  1594 | D:2      | Gained mutation: You have an unusually large brain. (Int
                  | +2) [demonic ancestry]
  1594 | D:2      | Reached XP level 4. HP: 33/35 MP: 4/4
  1769 | D:2      | Quit the game

Illustrated notes

Levels and vault maps discovered:
D:1:      dpeg_arrival_court, layout_rooms
D:2:      layout_loops_corners, hex_tiny, minmay_tromino_v7

Skill      XL: |  1  2  3 |
---------------+----------+-----
Axes           | 3 4 |  4.7
Fighting       | |  3.0
Armour         | |  1.7
Dodging        | |  1.7

Action                   |  1- 3 |  4- 6 || total
-------------------------+-------+-------++-------
Melee: Hand axe          |   128 |       ||   128
Invok: Berserk           |     2 |       ||     2
Armor: Scale mail        |    71 |       ||    71
Dodge: Dodged            |    57 |       ||    57

Table legend: (Time is in decaauts)
 A = Elapsed time spent in this place.
 B = Non-inter-level travel time spent in this place.
 C = Inter-level travel time spent in this place.
 D = Time resting spent in this place.
 E = Time spent auto-exploring this place.
 F = Levels seen in this place.
 G = Mean time per level.
                   A        B        C        D        E       F      G
               +--------+--------+--------+--------+--------+-----+--------+
         Total |   1802 |   1782 |     20 |     40 |   1410 |   2 |  901.0 |
       Dungeon |   1802 |   1782 |     20 |     40 |   1410 |   2 |  901.0 |
               +--------+--------+--------+--------+--------+-----+--------+

Top non-repeatable levels by time:
     D:2: 1210 daAuts
     D:1: 591 daAuts
